[Event "Live Chess"]
[Site "Chess.com"]
[Date "2023.05.21"]
[Round "-"]
[White "CeladonFish"]
[Black "chessleanstrategist"]
[Result "1-0"]
[WhiteElo "1082"]
[BlackElo "462"]
[TimeControl "300"]
[EndTime "4:08:50 PDT"]
[Termination "CeladonFish won on time"]

1. d4 Nf6 2. c4 d5 3. Nc3 e6 4.
Bf4 g6 5. Nb5 Bd6 6. Bxd6 cxd6 7.
Qa4 Nc6 8. cxd5 Nxd5 9. e4 Nb6 10. Qc2 d5 11. exd5 exd5 12. Nf3 O-O 13. Be2 Re8 14.
O-O Bf5 15. Bd3 Bxd3 16. Qxd3 Nb4 17. Qc3 a5 18. Nc7 Nc4 19. Nxa8 Qxa8 20. b3 Nd6 21. a3 Rc8 22. Qe3 Nc2 23. Qe7 Nxa1 24. Rxa1 Nf5 25.
Qe5 Re8 26. Qxd5 b6 27. Qxa8 Rxa8 28. Rd1 Rd8 29. h3 Kg7 30. d5 Kf6 31. g4 Nd6 32.
Nd4 Ne4 33. Nc6 Rd6 34. f3 1-0

[Event "Live Chess"]
[Site "Chess.com"]
[Date "2023.05.21"]
[Round "-"]
[White "Misha145Chess"]
[Black "Brooms1989"]
[Result "0-1"]
[WhiteElo "621"]
[BlackElo "1138"]
[TimeControl "300"]
[EndTime "4:08:57 PDT"]
[Termination "Brooms1989 won by checkmate"]

1. g4 e5 2. Bg2 d5 3. d4 e4 4. Nc3 Bxg4 5. f3 exf3 6. exf3 Be6 7. f4 Nf6 8. f5 Bd7 9. Nxd5 Nxd5 10.
Bxd5 Bc6 11. Bxc6+ Nxc6 12. d5 Qh4+ 13. Kd2 O-O-O 14. Ke3 Qh6+ 15. Ke2 Qh5+ 16. Ke3 Bc5+ 17. Ke4 Rhe8+ 18. Kd3 Rxd5+ 19. Kc4 Qxd1 20. c3 Ne5+ 21.
Kb5 a6+ 22. Ka5 Be7# 0-1

[Event "Live Chess"]
[Site "Chess.com"]
[Date "2023.05.21"]
[Round "-"]
[White "Bunny55"]
[Black "JoeyCage"]
[Result "0-1"]
[WhiteElo "982"]
[BlackElo "2302"]
[TimeControl "300"]
[EndTime "4:09:06 PDT"]
[Termination "JoeyCage won by resignation"]

1. e4 c5 2. Nf3 Nc6 3. d4 cxd4 4.
Nxd4 g6 5. Be3 Bg7 6. Nc3 Nf6 7. f3 O-O 8. Bc4 Qb6 9. Qd2 Nxe4 10. fxe4 Bxd4 11. Bxd4 Qxd4 0-1

[Event "Live Chess"]
[Site "Chess.com"]
[Date "2023.05.21"]
[Round "-"]
[White "Abde2012"]
[Black "friarnator"]
[Result "0-1"]
[WhiteElo "743"]
[BlackElo "1995"]
[TimeControl "300"]
[EndTime "4:09:07 PDT"]
[Termination "friarnator won by resignation"]

1. d4 Nf6 2. c4 e5 3. dxe5 Ng4 4. Bf4 Nc6 5. Nf3 Bb4+ 6. Nbd2 Qe7 7. e3 Ngxe5 8. Bxe5 Nxe5 9. Nxe5 Qxe5 10. Bd3 Qxb2 11. O-O Qxd2 12. Qxd2 Bxd2 13. Rfd1 Bc3 14. Rdc1 Bxa1 15.
Rxa1 d6 0-1

[Event "Live Chess"]
[Site "Chess.com"]
[Date "2023.05.21"]
[Round "-"]
[White "Driftboard"]
[Black "Alfiedog12"]
[Result "1/2-1/2"]
[WhiteElo "885"]
[BlackElo "945"]
[TimeControl "300"]
[EndTime "4:09:16 PDT"]
[Termination "Game drawn - timeout vs insufficient material"]

1. e4 e6 2. Nf3 d5 3. exd5 exd5 4. Nc3 c6 5. Be2 Nf6 6. d3 Bg4 7. Bg5 Nbd7 8. h3 Bxf3 9. Bxf6 Nxf6 10. Bxf3 Bb4 11. a3 Qe7+ 12. Be2 Bd6 13. O-O O-O 14.
Re1 Rfe8 15. Bf3 Qd7 16. Rxe8+ Rxe8 17. Qd2 Qe6 18. Kf1 Qf5 19. Re1 Rxe1+ 20. Qxe1 h6 21.
Bg4 Nxg4 22. hxg4 Qxg4 23. Qe8+ Kh7 24. Qxf7 Qc8 25. g3 Qf8 26. Qxf8 Bxf8 27. Kg2 Kg6 28. Kf3 Kf5 29. g4+ Ke5 30. Ke3 Bc5+ 31. d4+ Bxd4+ 32.
Kf3 Bxc3 33. bxc3 c5 34. Ke3 b5 35. f4+ Kf6 36. Kd3 c4+ 37. Kd4 Ke6 38. Kc5 a6 39.
Kb6 Kd6 40. Kxa6 Kc5 41. Ka5 g6 42. f5 gxf5 43. gxf5 Kd6 44. f6 Ke6 45. Kxb5 Kxf6 46. Kc5 h5 47. a4 h4 48. a5 h3 49. a6 h2 50. a7 h1=Q 51. a8=Q Qg1+ 52. Kxd5 Qd1+ 53.
Kxc4 Qg4+ 54. Kb3 Qe6+ 55. Kb2 Qb6+ 56. Kc1 Qg1+ 57. Kb2 Qb6+ 58. Kc1 Qg1+ 59. Kd2 Qg2+ 60. Kd3 Qxa8 61. Kc4 Qc8+ 62. Kd4 Qd7+ 63. Ke3 Qe6+ 64. Kd3 Qd5+ 65. Ke2 Ke5 66. Kf2 Kf4 67. Ke2 Qe4+ 68. Kd1 Ke3 69. Kc1 Qh1+ 70. Kb2 Kd2 71. Kb3 Qb7+ 72.
Kc4 Qc6+ 73. Kd4 Kxc2 74. Ke3 Qe6+ 75. Kd4 Qd6+ 76. Ke3 Kxc3 77. Kf3 Kd3 78. Kg4 Ke4 79. Kg5 Qf4+ 80. Kg6 Ke5 81. Kg7 Ke6 82. Kg6 Qf5+ 83.
Kg7 Ke7 84. Kh6 Qf6+ 85. Kh5 Kf7 86. Kg4 Qg6+ 87. Kf3 Qc6+ 88. Ke3 Ke6 89. Kd3 Kd5 90. Ke3 Qe6+ 91. Kd3 Qe4+ 92. Kc3 Qc4+ 93. Kd2 Qg4 94. Kc3 1/2-1/2

[Event "Live Chess"]
[Site "Chess.com"]
[Date "2023.05.21"]
[Round "-"]
[White "chrisbradgate"]
[Black "SupremeTactician"]
[Result "0-1"]
[WhiteElo "873"]
[BlackElo "2230"]
[TimeControl "300"]
[EndTime "4:09:17 PDT"]
[Termination "SupremeTactician won by checkmate"]

1. d4 Nf6 2. Bf4 e6 3. e3 b6 4. c3 Bb7 5. Nd2 Be7 6. f3 d6 7. Bd3 Nbd7 8. Ne2 Nh5 9. Qc2 Nxf4 10. exf4 h6 11. O-O-O a5 12. a3 Ba6 13. Bxa6 Rxa6 14. Rhg1 b5 15. Ne4 f5 16. Nf2 b4 17. cxb4 axb4 18.
Rd3 bxa3 19. Rxa3 Rxa3 20. bxa3 Qa8 21. Qa2 d5 22. Kd2 Bb4+ 23. Nc3 Qxa3 24. Qxa3 Bxa3 25. Ra1 Nb6 26. Rxa3 Nc4+ 27. Kc2 Nxa3+ 28. Kb3 Nc4 29. Nd3 Ke7 30. Nc5 Rb8+ 31. Kc2 Rb2+ 32. Kd3 Rd2# 0-1

[Event "Live Chess"]
[Site "Chess.com"]
[Date "2023.05.21"]
[Round "-"]
[White "Conradical12"]
[Black "Dhaydon19"]
[Result "0-1"]
[WhiteElo "1565"]
[BlackElo "2697"]
[TimeControl "300"]
[EndTime "4:09:26 PDT"]
[Termination "Dhaydon19 won by resignation"]

1. e4 b6 2. Nc3 Bb7 3. f3 e6 4.
d4 d5 5. Bd3 Nf6 6. Nge2 c5 7.
b3 cxd4 8. Nxd4 Nbd7 9. O-O Bc5 10. Be3 e5 11. Ncb5 exd4 12. Bxd4 O-O 13. Bxc5 0-1

[Event "Live Chess"]
[Site "Chess.com"]
[Date "2023.05.21"]
[Round "-"]
[White "Shepherds_Pie"]
[Black "Geomorph"]
[Result "1-0"]
[WhiteElo "1948"]
[BlackElo "1283"]
[TimeControl "300"]
[EndTime "4:09:36 PDT"]
[Termination "Shepherds_Pie won by resignation"]

1. c4 e6 2. Nc3 Nf6 3. e4 Bb4 4. e5 Bxc3 5. dxc3 Ng8 6. Qg4 g6 7. h4 Nh6 8. Bxh6 Nc6 9. Bg7 Rg8 10. Bf6 Ne7 11. Qg5 d6 12. O-O-O d5 13. cxd5 1-0

[Event "Live Chess"]
[Site "Chess.com"]
[Date "2023.05.21"]
[Round "-"]
[White "KeithArkell"]
[Black "Tushinskiy"]
[Result "1-0"]
[WhiteElo "2503"]
[BlackElo "2190"]
[TimeControl "300"]
[EndTime "4:09:47 PDT"]
[Termination "KeithArkell won on time"]

1. d4 d5 2. Nf3 c6 3. c4 e6 4. cxd5 exd5 5. Nc3 Nf6 6. Qc2 Bg4 7. Ne5 Bh5 8. Bg5 Nbd7 9. Nxd7 Qxd7 10. Bxf6 gxf6 11.
e3 Bg6 12. Bd3 Bd6 13. O-O-O O-O-O 14. g3 Kb8 15. Kb1 Qg4 16. h4 Qf3 17. Rhf1 Rhe8 18.
Qe2 Bxd3+ 19. Rxd3 Qf5 20. Qc2 Bxg3 21. Rd2 Qxc2+ 22.
Kxc2 Bxh4 23. Rh1 Bg5 24. Rxh7 Rh8 25. Rxf7 Rh2 26. Na4 b6 27. Kd3 Rdh8 28. Rc2 Rc8 29. Nc3 Bh4 30. f4 Rh3 31. Rh7 Re8 32. Re2 Rg8 33. Nd1 Rgg3 34. Nf2 Rh2 35. Nd1 Rh1 36. Nc3 Rhh3 37. b4 Rf3 38. Kc2 a6 39. a4 b5 40. axb5 axb5 41. Nd1 f5 42. Nb2 Bd8 43.
Rxh3 Rxh3 44. Nd3 Be7 45. Kd2 Kc7 46. Rg2 Kd7 47. Rg7 Ke6 48. Rg6+ Kf7 49. Ne5+ Ke8 50. Nxc6 1-0

[Event "Live Chess"]
[Site "Chess.com"]
[Date "2023.05.21"]
[Round "-"]
[White "Greenbecker"]
[Black "manthanit"]
[Result "1-0"]
[WhiteElo "1654"]
[BlackElo "1086"]
[TimeControl "300"]
[EndTime "4:09:55 PDT"]
[Termination "Greenbecker won by resignation"]

1. e4 e6 2. d4 d6 3. Nf3 g6 4. Nc3 Bg7 5. Bc4 Ne7 6. O-O b6 7. Re1 Bb7 8. Bg5 a6 9. Qd2 h6 10. Be3 Nd7 11. d5 exd5 12. exd5 Ne5 13. Nxe5 dxe5 14. Rad1 Nf5 15. Bf4 O-O 16. Bxe5 Re8 17.
Bxg7 Rxe1+ 18. Rxe1 Nxg7 19. Qxh6 Bxd5 20. Bxd5 c6 21.
Bxc6 Rc8 22. Ba4 Qd2 23. Qxd2 1-0

[Event "Live Chess"]
[Site "Chess.com"]
[Date "2023.05.21"]
[Round "-"]
[White "ZackirtyChess"]
[Black "FlorinHristea"]
[Result "0-1"]
[WhiteElo "1183"]
[BlackElo "1830"]
[TimeControl "300"]
[EndTime "4:10:02 PDT"]
[Termination "FlorinHristea won by checkmate"]

1. f4 c5 2. Nf3 d5 3. d3 Bg4 4.
e4 dxe4 5. Nc3 exf3 6. gxf3 Bf5 7. Be3 e6 8. d4 Nc6 9. dxc5 Nf6 10. Bg2 Qxd1+ 11. Rxd1 Bxc2 12. Rd2 Bf5 13. Rd6 Bxd6 14. cxd6 O-O 15. Bxa7 Rxa7 16. Nd5 exd5 17. Bh3 Bxh3 18. Rf1 Rxa2 19. Rf2 Re8+ 20. Kd2 Rxb2+ 21. Kd1 Rxf2 22. Kc1 Re1# 0-1

[Event "Live Chess"]
[Site "Chess.com"]
[Date "2023.05.21"]
[Round "-"]
[White "LiamClery2020"]
[Black "Missedidea"]
[Result "1-0"]
[WhiteElo "2010"]
[BlackElo "1848"]
[TimeControl "300"]
[EndTime "4:10:10 PDT"]
[Termination "LiamClery2020 won by checkmate"]

1. e4 c5 2. Nf3 d6 3. Bb5+ Bd7 4. Bxd7+ Qxd7 5. O-O Nc6 6. Re1 e5 7. c3 Nf6 8. d4 Qc7 9. dxe5 dxe5 10. Qb3 O-O-O 11. Na3 a6 12. Be3 Nxe4 13. Rad1 Rxd1 14. Rxd1 f5 15. Qe6+ Kb8 16. Qxf5 Nf6 17. Nc4 e4 18. Bf4 exf3 19.
Bxc7+ Kxc7 20. Qf4+ Kc8 21. Nb6# 1-0

[Event "Live Chess"]
[Site "Chess.com"]
[Date "2023.05.21"]
[Round "-"]
[White "Nakula1000"]
[Black "Tiltador"]
[Result "1-0"]
[WhiteElo "495"]
[BlackElo "837"]
[TimeControl "300"]
[EndTime "4:10:14 PDT"]
[Termination "Nakula1000 won by resignation"]

1. e4 d5 2. exd5 Qxd5 3. Nc3 Qe6+ 4. Be2 Nc6 5. d4 Qd6 6. Nb5 Qd7 7. Bf4 e5 8. dxe5 Qxd1+ 9. Rxd1 Bb4+ 10. Bd2 Bxd2+ 11.
Rxd2 Rb8 12. Nxc7+ Ke7 13. f4 Nh6 14. Nd5+ Ke6 15.
Kf2 f6 16. exf6 gxf6 17. Bh5 Nf5 18. Nf3 b6 19. Re1+ Kd6 20. Be8 Bd7 21. Nxf6+ Kc7 22. Rxd7+ Kc8 23. Rd3 Kc7 24. Rc3 Rbxe8 25. Nxe8+ Rxe8 26. Rxe8 Kb7 27. Rh8 h6 28. Rh7+ Nfe7 29. Ne5 Nxe5 30.
fxe5 Ka6 31. Rxe7 1-0

[Event "Live Chess"]
[Site "Chess.com"]
[Date "2023.05.21"]
[Round "-"]
[White "raminguy"]
[Black "Biranidun"]
[Result "0-1"]
[WhiteElo "1963"]
[BlackElo "2547"]
[TimeControl "300"]
[EndTime "4:10:46 PDT"]
[Termination "Biranidun won by resignation"]

1. d4 Nf6 2. Nc3 d5 3. Bf4 g6 4. e3 Bg7 5. h4 c6 6. Qd2 h5 7. O-O-O Bf5 8. f3 Nbd7 9. Bd3 Bxd3 10. Qxd3 Qa5 11. Nge2 b5 12. a3 b4 13. axb4 Qxb4 14.
e4 Nb6 15. b3 dxe4 16. fxe4 Ng4 17. Bg3 O-O 18. Kd2 Rad8 19. Ke1 c5 20. d5 c4 21. bxc4 Nxc4 22. Rb1 Qc5 23. Rb5 Qc8 24. Bf4 a6 25. Rb4 Nce5 26. Qd2 Qc5 27. Nd1 Nc4 28. Rxc4 Qxc4 29. Qd3 Qxd3 30. cxd3 e6 31. dxe6 fxe6 32.
Kd2 Rxf4 33. Nxf4 Bh6 34. g3 e5 35. Rf1 exf4 36. gxf4 Rf8 37. Kc3 Bxf4 38. Re1 Bg3 39. Re2 Rc8+ 40. Kd4 Bxh4 41. e5 Kf7 42. Kd5 Rd8+ 43. Kc4 Ke6 44. d4 Rc8+ 45. Kd3 Rd8 46.
Nc3 Nf2+ 47. Kc4 Rc8+ 48. Kb3 Nd3 49. d5+ Kf5 50. e6 Nc1+ 51. Ka4 Nxe2 52. e7 Nxc3+ 53. Kb3 Nxd5 54. e8=Q Rxe8 55. Kc4 Nf6 56. Kb4 Bg5 57. Ka5 h4 58. Kxa6 h3 59. Kb5 h2 0-1

[Event "Live Chess"]
[Site "Chess.com"]
[Date "2023.05.21"]
[Round "-"]
[White "WelshTiger"]
[Black "GMMickeyAdams"]
[Result "0-1"]
[WhiteElo "2325"]
[BlackElo "2796"]
[TimeControl "300"]
[EndTime "4:10:54 PDT"]
[Termination "GMMickeyAdams won by resignation"]

1. e4 e5 2. Nf3 Nc6 3. d4 exd4 4. Bc4 Nf6 5. e5 Ne4 6. Bd5 Nc5 7. O-O Ne6 8. c3 dxc3 9. Nxc3 d6 10. exd6 Bxd6 11.
Bxc6+ bxc6 12. Ne4 O-O 13. Qc2 c5 14. Rd1 h6 15.
Be3 Qe7 16. Rac1 Bb7 17. Nxc5 Bxf3 18. gxf3 Bxc5 19. Bxc5 Qg5+ 20. Kh1 Rfd8 21. Rg1 Qf4 22. Qe2 Rd2 23. Qe4 Qxe4 24. fxe4 Rxb2 25. Be3 Rxa2 26. f4 Re8 27. f5 Ng5 28. Bxg5 hxg5 29. Rxg5 Rxe4 30.
Rxc7 Re1+ 31. Rg1 Ree2 32. Rgc1 Rxh2+ 33. Kg1 a5 0-1

[Event "Live Chess"]
[Site "Chess.com"]
[Date "2023.05.21"]
[Round "-"]
[White "sup3rm0nk3y"]
[Black "Duke_of_Bebington"]
[Result "0-1"]
[WhiteElo "1330"]
[BlackElo "1581"]
[TimeControl "300"]
[EndTime "4:10:56 PDT"]
[Termination "Duke_of_Bebington won by resignation"]

1. e4 e5 2. Nf3 Nf6 3. Nxe5 d6 4. Nf3 Nxe4 5. Nc3 Nxc3 6. dxc3 Be6 7. Bf4 Nc6 8. Bd3 a5 9. O-O Be7 10. a3 Qb8 11. b4 axb4 12. cxb4 Qc8 13. b5 Nd8 14. a4 Bg4 15. Be4 O-O 16. Qd3 h6 17. c4 Ne6 18.
Bd2 Nc5 19. Qc2 Bf6 20. Ra2 Re8 21. Bd5 c6 22. Bxf7+ Kxf7 23. Bxh6 Bxf3 24. gxf3 gxh6 25.
Qh7+ Bg7 26. Qf5+ Qxf5 0-1

[Event "Live Chess"]
[Site "Chess.com"]
[Date "2023.05.21"]
[Round "-"]
[White "GwaryTek"]
[Black "diana21strabt"]
[Result "0-1"]
[WhiteElo "2038"]
[BlackElo "1773"]
[TimeControl "300"]
[EndTime "4:10:58 PDT"]
[Termination "diana21strabt won on time"]

1. d4 Nf6 2. c4 g6 3. Nc3 Bg7 4. e4 d6 5. Nge2 Nbd7 6. Ng3 e5 7. d5 O-O 8. h4 a5 9. Be2 Nc5 10. Bg5 h6 11. Be3 b6 12. Qd2 Kh7 13. f3 a4 14. h5 g5 15. Nf5 Bxf5 16. exf5 a3 17. b4 Ncd7 18. Bd3 Qe7 19. Be4 Nxe4 20. Nxe4 Nf6 21.
Bxg5 hxg5 22. h6 Nxe4 23. hxg7+ Kxg7 24. fxe4 Rh8 25. O-O-O f6 26. Qc3 Qe8 27. Rh3 Rxh3 28. Qxh3 Qh8 29. Rh1 Qxh3 30. Rxh3 Ra4 31. Rb3 Kh6 32.
g4 Kg7 33. Kc2 Kf7 34. Kc3 Ke7 35. Rb1 Kd7 36. Rh1 Ra8 37. Rh7+ Kc8 38. Rh8+ Kb7 39.
Rxa8 Kxa8 40. Kb3 Kb7 41. Kxa3 c6 42. Kb3 c5 43. a3 Kc7 44. Ka4 Kb7 45. Kb5 cxb4 46.
axb4 Kc7 47. c5 bxc5 48. bxc5 dxc5 49. Kxc5 Kd7 50. d6 Kd8 51. Kd5 Kd7 52. Kc5 Kd8 53.
Kc6 Kc8 54. d7+ Kd8 55. Kc5 Kxd7 56. Kd5 Ke7 57. Kc6 Kf7 0-1

[Event "Live Chess"]
[Site "Chess.com"]
[Date "2023.05.21"]
[Round "-"]
[White "friarnator"]
[Black "Bunny55"]
[Result "1-0"]
[WhiteElo "1995"]
[BlackElo "982"]
[TimeControl "300"]
[EndTime "4:10:58 PDT"]
[Termination "friarnator won by resignation"]

1. e4 c5 2. d4 cxd4 3. c3 dxc3 4. Nxc3 Nc6 5. Nf3 a6 6. Bc4 b5 7. Bb3 d6 8. O-O Bg4 9. Bxf7+ Kd7 10. h3 Bxf3 11. Qxf3 Nd4 12. Qd1 e5 13. Be3 Nf6 14.
Bxd4 exd4 15. Qxd4 Rc8 16. Nd5 Nxd5 17. exd5 Rc4 18.
Be6+ 1-0

[Event "Live Chess"]
[Site "Chess.com"]
[Date "2023.05.21"]
[Round "-"]
[White "JoshMcK"]
[Black "EdenHazard8"]
[Result "1/2-1/2"]
[WhiteElo "1518"]
[BlackElo "1942"]
[TimeControl "300"]
[EndTime "4:11:08 PDT"]
[Termination "Game drawn by repetition"]

1. e4 c6 2. d4 d5 3. e5 c5 4. Nf3 Nc6 5. Bb5 Bg4 6. h3 Bxf3 7.
Qxf3 cxd4 8. O-O e6 9. Nd2 Ne7 10. Nb3 Nf5 11. g4 Ne7 12. Nxd4 Rc8 13. c3 Ng6 14.
Qg3 Be7 15. Nxc6 bxc6 16. Bd3 O-O 17. Bxg6 hxg6 18. Be3 c5 19. a3 Rb8 20. Rab1 c4 21.
Bxa7 Rb3 22. Be3 Qa5 23. h4 Rfb8 24. Bc1 Bxa3 25. h5 Bxb2 26. Bxb2 Rxb2 27. Rxb2 Rxb2 28. hxg6 fxg6 29. Qh4 Qxc3 30. Qd8+ Kf7 31. Qd7+ Kf8 32. Qd8+ Kf7 33. Qd7+ Kg8 34. Qd8+ Kh7 35. Qh4+ Kg8 36.
Qd8+ 1/2-1/2

[Event "Live Chess"]
[Site "Chess.com"]
[Date "2023.05.21"]
[Round "-"]
[White "Prijmak"]
[Black "Ferrarifan27"]
[Result "0-1"]
[WhiteElo "1054"]
[BlackElo "2076"]
[TimeControl "300"]
[EndTime "4:11:14 PDT"]
[Termination "Ferrarifan27 won by resignation"]

1. e4 e5 2. f4 Nc6 3. Nf3 exf4 4. Bc4 g5 5. d4 Be7 6. O-O d6 7. Nc3 Bg4 8. Nd5 Nf6 9. Nxe7 Qxe7 10. e5 dxe5 11. dxe5 Nxe5 12. Re1 Bxf3 13. Rxe5 Bxd1 14. Rxe7+ Kxe7 15. Bd2 Bg4 16. Bb4+ Kd7 17. h3 Be6 18. Bxe6+ fxe6 19. Bc3 Rhf8 20. Re1 Rae8 21. Be5 Nd5 22.
c4 Ne3 23. b3 Rf5 24. Bd4 Nc2 0-1

[Event "Live Chess"]
[Site "Chess.com"]
[Date "2023.05.21"]
[Round "-"]
[White "yeetpizza74"]
[Black "JoeyCage"]
[Result "0-1"]
[WhiteElo "502"]
[BlackElo "2302"]
[TimeControl "300"]
[EndTime "4:11:35 PDT"]
[Termination "JoeyCage won by checkmate"]

1. e4 c5 2. Nf3 Nc6 3. c3 d5 4. d4 dxe4 5. Ne5 Nxe5 6. dxe5 Qxd1+ 7. Kxd1 f5 8. exf6 exf6 9. Bc4 Bf5 10. f3 exf3 11. gxf3 O-O-O+ 12. Bd2 Bd6 13. Bxg8 Rhxg8 14. Re1 Bxh2 15. b4 Bf4 16. bxc5 Bxb1 17. Rxb1 Rxd2+ 18.
Kc1 Rxa2+ 19. Kd1 Rd8# 0-1

[Event "Live Chess"]
[Site "Chess.com"]
[Date "2023.05.21"]
[Round "-"]
[White "GwaryTek"]
[Black "Bunny55"]
[Result "1-0"]
[WhiteElo "2038"]
[BlackElo "982"]
[TimeControl "300"]
[EndTime "4:11:36 PDT"]
[Termination "GwaryTek won by resignation"]

1. d4 Nf6 2. Bg5 g6 3. Bxf6 exf6 4. Nc3 Bg7 5. Nf3 O-O 6. h4 f5 7. h5 Nc6 8. hxg6 fxg6 9. e3 d5 10. b3 Qe7 11. Nxd5 1-0

[Event "Live Chess"]
[Site "Chess.com"]
[Date "2023.05.21"]
[Round "-"]
[White "FlorinHristea"]
[Black "Greenbecker"]
[Result "0-1"]
[WhiteElo "1818"]
[BlackElo "1667"]
[TimeControl "300"]
[EndTime "4:11:45 PDT"]
[Termination "Greenbecker won by resignation"]

1. e4 e6 2. d4 d5 3. e5 c5 4. c3 Nc6 5. Be3 cxd4 6. Bxd4 Nxd4 7. cxd4 Qb6 8. Qd2 Bd7 9. Nc3 Rc8 10. Rc1 Bb4 11.
Nf3 Ne7 12. Bd3 Nc6 13. O-O Nxd4 14. Nxd4 Qxd4 15. Qg5 Qxd3 16. Qxg7 Rf8 17. Rfd1 Qg6 0-1

[Event "Live Chess"]
[Site "Chess.com"]
[Date "2023.05.21"]
[Round "-"]
[White "raminguy"]
[Black "WelshTiger"]
[Result "1/2-1/2"]
[WhiteElo "1969"]
[BlackElo "2319"]
[TimeControl "300"]
[EndTime "4:11:48 PDT"]
[Termination "Game drawn by repetition"]

1. d4 e6 2. Nc3 c5 3. d5 Nf6 4.
e4 exd5 5. e5 Ng8 6. Nxd5 Ne7 7.
Bg5 Qa5+ 8. Bd2 Qd8 9. Bg5 Qa5+ 10. Bd2 Qd8 11. Bg5 1/2-1/2

[Event "Live Chess"]
[Site "Chess.com"]
[Date "2023.05.21"]
[Round "-"]
[White "Crowded_House"]
[Black "Vitalii18a"]
[Result "1-0"]
[WhiteElo "1636"]
[BlackElo "1144"]
[TimeControl "300"]
[EndTime "4:12:02 PDT"]
[Termination "Crowded_House won by checkmate"]

1. d4 d5 2. Bg5 Nf6 3. e3 h6 4.
Bh4 g5 5. Bg3 Bg7 6. c3 Ne4 7.
Bd3 O-O 8. Nd2 c6 9. Nxe4 dxe4 10. Bxe4 f5 11. Bxb8 Rxb8 12. Bc2 f4 13. exf4 Qd5 14. Bb3 Be6 15. Bxd5 Bxd5 16. Nf3 Rxf4 17. O-O Bxf3 18. gxf3 e5 19. dxe5 Bxe5 20. Qe2 Re8 21. Rae1 Rf5 22. Qd3 Ref8 23. Re3 Bc7 24. Qc4+ Kh8 25. Qd4+ Kg8 26. Re7 Bb6 27. Qg7# 1-0

[Event "Live Chess"]
[Site "Chess.com"]
[Date "2023.05.21"]
[Round "-"]
[White "hturner40"]
[Black "defenderalist"]
[Result "0-1"]
[WhiteElo "1773"]
[BlackElo "1657"]
[TimeControl "300"]
[EndTime "4:12:19 PDT"]
[Termination "defenderalist won on time"]

1. Nf3 b6 2. g3 Bb7 3. Bg2 g6 4. O-O Bg7 5. d4 h5 6. c4 Nf6 7.
Nc3 e6 8. Bg5 d5 9. Ne5 Nbd7 10.
Qa4 O-O 11. Nc6 Qe8 12. cxd5 exd5 13. Nxd5 Nxd5 14. Bxd5 Kh7 15. e4 a6 16. Rfe1 f6 17.
Be3 b5 18. Qd1 Nb6 19. Nb4 Nxd5 20. exd5 Qd7 21. Rc1 Bxd5 22. Nxd5 Qxd5 23. Rxc7 Rac8 24. Qc1 Rxc7 25. Qxc7 Rf7 26. Qa5 f5 27. Rd1 h4 28. b3 h3 29. Kf1 Qg2+ 30. Ke2 Qxh2 31. Qd8 Bf6 32. Qd5 Kg7 33. Rh1 Qg2 34. Qxg2 hxg2 35.
Rg1 Re7 36. Rxg2 Bxd4 37. Kf3 Bxe3 38. fxe3 Kf6 39. Rc2 Re6 40. Rc8 g5 41. Rf8+ Ke5 42.
g4 fxg4+ 43. Kxg4 Ke4 0-1

[Event "Live Chess"]
[Site "Chess.com"]
[Date "2023.05.21"]
[Round "-"]
[White "McSlash1"]
[Black "RoaringKnights"]
[Result "1-0"]
[WhiteElo "2003"]
[BlackElo "1076"]
[TimeControl "300"]
[EndTime "4:12:39 PDT"]
[Termination "McSlash1 won by checkmate"]

1. e4 e5 2. Nf3 Nc6 3. Bb5 a6 4. Ba4 b5 5. Bb3 Bc5 6. O-O Nf6 7. c3 O-O 8. d4 exd4 9. cxd4 Bb6 10. e5 Ng4 11. h3 Ngxe5 12. dxe5 Re8 13. Qd5 Qe7 14. Bg5 Qe6 15. Qe4 Qg6 16. Qh4 h6 17. Be3 Bxe3 18.
fxe3 d6 19. Nd4 Nxe5 20. Bc2 Nf3+ 21. Rxf3 Qg5 22. Qe4 Rxe4 23. Bxe4 Rb8 24. Nc3 c5 25. Nc6 Rb6 26. Raf1 f6 27. Ne7+ Kh8 28. Nxc8 Rb8 29. Nxd6 Rd8 30. Nf7+ Kg8 31. Nxg5 hxg5 32. h4 gxh4 33.
Rf4 Rd2 34. Rxh4 Rxb2 35. Bg6 Kf8 36. Re4 b4 37. Re8# 1-0

[Event "Live Chess"]
[Site "Chess.com"]
[Date "2023.05.21"]
[Round "-"]
[White "Twickenham2014"]
[Black "LL220284LL"]
[Result "0-1"]
[WhiteElo "2281"]
[BlackElo "2324"]
[TimeControl "300"]
[EndTime "4:12:56 PDT"]
[Termination "LL220284LL won by resignation"]

1. e4 Nc6 2. d4 e5 3. Nf3 exd4 4. Nxd4 Nf6 5. Nxc6 bxc6 6. e5 Qe7 7. Qe2 Nd5 8. c4 Ba6 9. b3 g6 10. Bb2 Bg7 11.
g3 O-O 12. Bg2 Rae8 13. O-O Nb6 14. Re1 d5 15. Nd2 Nd7 16. Qe3 Bxe5 17. Bxe5 Qxe5 18. Qxa7 Qxe1+ 19. Rxe1 Rxe1+ 20. Nf1 Bc8 21. Qxc7 dxc4 22. bxc4 Ne5 23. h3 Be6 24. Kh2 Ra8 25. Ne3 Nd3 26.
Bxc6 Rc8 27. Qb7 Nxf2 28. Bd5 Re8 29. Kg2 Nxh3 30. Bxe6 Rxe6 31. Kxh3 R6xe3 32. c5 Rc3 33. Qb8+ Kg7 34. Qb2 Rc1 35. c6 Kh6 36. Qd2+ g5 37.
Qd6+ Kg7 38. Qe5+ Kg6 39. Qe4+ Kh6 40. Qf5 Rxc6 41. Qxf7 g4+ 42. Kxg4 R1c4+ 43. Kh3 Rc1 44. Qf8+ Kg6 45. Qg8+ Kh6 46. Kh4 Rh1+ 47. Kg4 Rg6+ 48. Qxg6+ Kxg6 49. a4 Ra1 50. a5 Rxa5 0-1

[Event "Live Chess"]
[Site "Chess.com"]
[Date "2023.05.21"]
[Round "-"]
[White "WilliWeisswurst"]
[Black "MarkLim1"]
[Result "0-1"]
[WhiteElo "1769"]
[BlackElo "1694"]
[TimeControl "300"]
[EndTime "4:13:03 PDT"]
[Termination "MarkLim1 won by resignation"]

1. e4 e6 2. Nf3 d5 3. exd5 exd5 4.
d4 Bd6 5. c4 Nf6 6. Nc3 O-O 7.
cxd5 h6 8. Bd3 Re8+ 9. Be3 Nbd7 10. O-O Nb6 11. Re1 Nbxd5 12. Nxd5 Nxd5 13. Bd2 Bg4 14. h3 Rxe1+ 15. Bxe1 Bh5 16. Be2 c6 17. Ne5 Bxe2 18. Qxe2 Qf6 19. Bc3 Re8 20. Qh5 Nxc3 21. bxc3 Bxe5 22.
dxe5 Rxe5 23. Qg4 Qe6 24. Qd1 g6 25. Rb1 b6 26. Qd2 Kg7 27. g3 h5 28. Kh2 Rf5 29. Re1 Qf6 30. Re2 Rf3 31. Kg2 Rxc3 32. Re8 Rc5 33. Qe3 Rc3 34. Qd2 Rc5 35. Qd7 Rf5 36.
Qd2 Rd5 37. Qe2 Rg5 38. Ra8 a5 39. Ra6 c5 40. Ra8 Qc6+ 41. Qf3 Qxf3+ 42. Kxf3 Rf5+ 43.
Ke3 Rf6 44. g4 hxg4 45. hxg4 Rc6 46. f4 Kf6 47. Ra6 c4 48. Kd4 c3 0-1

[Event "Live Chess"]
[Site "Chess.com"]
[Date "2023.05.21"]
[Round "-"]
[White "Sweet-O"]
[Black "Abde2012"]
[Result "1-0"]
[WhiteElo "1428"]
[BlackElo "743"]
[TimeControl "300"]
[EndTime "4:13:27 PDT"]
[Termination "Sweet-O won by checkmate"]

1. d4 c6 2. Nc3 d5 3. Bf4 Bf5 4. e3 Nf6 5. f3 e6 6. g4 Bg6 7.
h4 h6 8. Bd3 Bh7 9. Bxh7 Rxh7 10. Qd3 Nbd7 11. O-O-O Qa5 12. Nge2 Bb4 13. g5 hxg5 14.
hxg5 Rxh1 15. Rxh1 Ng8 16. Rh8 O-O-O 17. Qh7 Ne7 18.
Rxd8+ Kxd8 19. Qh8+ Ng8 20. Qxg8+ Nf8 21. Qxf7 b5 22.
Qxg7 Be7 23. Qe5 Ng6 24. Qb8+ Kd7 25. Qb7+ Ke8 26. Qxc6+ Kd8 27. Qxb5 Qxb5 28. Nxb5 Nxf4 29. Nxf4 Bxg5 30. Nxa7 Bxf4 31. exf4 Ke7 32. Nc6+ Kf6 33. Nb4 Kf5 34. a4 Kxf4 35. a5 Kxf3 36. a6 Ke3 37. a7 Kxd4 38. a8=Q e5 39. Qxd5+ Ke3 40. Qxe5+ Kf2 41. c4 Kf1 42. c5 Kf2 43. Nd3+ Kf3 44.
b4 Kg4 45. Kd2 Kf3 46. c6 Kg4 47. c7 Kf3 48. c8=R Kg4 49. Qf6 Kg3 50. Rg8+ Kh3 51. Qh6# 1-0

[Event "Live Chess"]
[Site "Chess.com"]
[Date "2023.05.21"]
[Round "-"]
[White "YrrriKharkiv"]
[Black "Goblinbasher"]
[Result "1-0"]
[WhiteElo "2061"]
[BlackElo "1228"]
[TimeControl "300"]
[EndTime "4:13:28 PDT"]
[Termination "YrrriKharkiv won by resignation"]

1. d4 f5 2. g4 fxg4 3. h3 gxh3 4. Bxh3 Nf6 5. Nc3 e6 6. e4 Bb4 7. Bg5 Bxc3+ 8. bxc3 O-O 9. e5 Nc6 10. exf6 Rxf6 11.
Bxf6 Qxf6 12. Qf3 Qg6 13. Qd3 Qf6 14. Ne2 g6 15. Rg1 Ne7 16. c4 Nf5 17. Bxf5 exf5 18. c3 d6 19. Nf4 Bd7 20. Nd5 Re8+ 21. Kf1 Qe6 22. Kg2 Bc6 23. Qf3 Qf6 24. Rae1 Qg5+ 25. Qg3 Bxd5+ 26. cxd5 Rxe1 27. Qxg5 Kf7 28. Rxe1 1-0